 Dungeon Crawl Stone Soup version 0.19-a0-994-g3c636f0 (webtiles) character file.

26 4thArraOfDagon the Covered (level 3, -1/18 HPs)
             Began as a Vine Stalker Wanderer on July 17, 2016.
             Was an Initiate of Gozag.
             Slain by a river rat (6 damage)
             ... on level 6 of the Dungeon.
             The game lasted 00:02:30 (497 turns).

4thArraOfDagon the Covered (Vine Stalker Wanderer)   Turns: 497, Time: 00:02:31

Health: -1/18      AC:  3    Str: 15    XL:     3   Next: 8%
Magic:  0/4        EV: 11    Int: 13    God:    Gozag
Gold:   66         SH:  0    Dex: 15    Spells: 0 memorised, 2 levels left

rFire  . . .     SeeInvis .       - Unarmed
rCold  . . .     Gourm    .     e - +0 robe
rNeg   . . .     Faith    .     (no shield)
rPois  .         Spirit   +     g - +0 helmet
rElec  .         Dismiss  .     (no cloak)
rCorr  .         Reflect  .     (no gloves)
SustAt .         Harm     .     (no boots)
MR     .....                    (no amulet)
Stlth  ++........               (no ring)
                                i - +3 ring of strength

@: not resistant to hostile enchantments, unstealthy
A: fangs 2, regeneration 1, magic shield, antimagic bite, no device heal 3, rot
immunity
a: Potion Petition, Call Merchant, Bribe Branch, Renounce Religion


You were on level 6 of the Dungeon.
You worshipped Gozag.
Gozag was noncommittal.
You were not hungry.

You visited 1 branch of the dungeon, and saw 5 of its levels.

You collected 66 gold pieces.

Inventory:

Hand Weapons
 b - a +0 shortbow
 d - a +0 spear
Missiles
 c - 7 arrows
Armour
 e - a +0 robe (worn)
 g - a +0 helmet (worn)
 j - a +0 chain mail
Jewellery
 i - a +3 ring of strength (left hand)
Wands
 p - a wand of paralysis (3/24)
Scrolls
 k - a scroll of noise {unknown}
Potions
 m - a potion of agility {unknown}
Books
 a - a book of Air

   Spells                             Type                      Level
   a - Shock                          Conjuration/Air              1
   b - Swiftness                      Charms/Air                   2
   c - Repel Missiles                 Charms/Air                   2
   d - Static Discharge               Conjuration/Air              3
   e - Lightning Bolt                 Conjuration/Air              5
Comestibles
 f - 2 bread rations
 h - a royal jelly
 o - a meat ration


   Skills:
 - Level 1.0 Fighting
 - Level 3.2 Armour
 - Level 1.2 Stealth
 * Level 2.6 Unarmed Combat
   Level 2.0 Ice Magic
   Level 1.0 Air Magic
 - Level 1.0 Evocations


You had 2 spell levels left.
You didn't know any spells.

Dungeon Overview and Level Annotations

Branches:
Dungeon (4/15)
 Temple: D:4-7

Altars:
Gozag
Qazlal


Innate Abilities, Weirdness & Mutations

You have extremely sharp teeth.
Your natural rate of healing is unusually fast.
When hurt, damage is shared between your health and your magic reserves.
Your bite disrupts and absorbs the magic of your enemies.
Potions and wands cannot restore your health.
You are immune to rotting.


Message History

You hit the river rat but do no damage.
You bite the river rat, but do no damage.
The river rat is severely wounded.
The river rat barely misses you.
You closely miss the river rat.
The river rat is severely wounded.
The river rat misses you.
You closely miss the river rat. Your bite misses the river rat.
The river rat is severely wounded.
The river rat bites you.
You hit the river rat but do no damage.
The river rat is severely wounded.
The river rat bites you.
* * * LOW HITPOINT WARNING * * *
Unknown command.
You hit the river rat. Your bite misses the river rat.
The river rat is almost dead.
The river rat bites you!
You die...
Your body crumbles into a pile of gold.

*#####**** ******* *.≈≈≈#≈≈≈*
,,,,,,* *w..≈#≈∩≈* ****#,*
*#..≈≈+≈≈≈* *####.##########
*...≈≈##+** ,..............#
*...≈≈≈≈≈≈*
**###.##.#####.######....s≈≈≈≈*
*####.#...## #.(@rrw........≈≈*
,..........# #######.#......,,*
*######...## *.....###.***
##.## #.###...,,* * #.# #.*
*,###** * #.# #.###,* * ##'##
#....,* ##...## ###.#**
##.....## ####.#


You could see a worm and 2 river rats.

Vanquished Creatures
  An adder (D:6)
  An ooze (D:2)
  A worm (D:2)
  2 bats
  2 hobgoblins
  A kobold (D:2)
  2 giant newts
  A rat (D:1)
11 creatures vanquished.

Notes
Turn   | Place    | Note
-------+----------+-------------------------------------------
     0 | D:1      | 4thArraOfDagon the Vine Stalker Wanderer began the quest for the Orb.
     0 | D:1      | 4thArraOfDagon set off with: a book of Air, a +0 shortbow, 23 arrows, a +0 spear, a +0 robe, a bread ration
     0 | D:1      | Reached XP level 1. HP: 10/10 MP: 2/2
    65 | D:1      | Reached skill level 1 in Unarmed Combat
    90 | D:2      | Found a stormy altar of Qazlal.
   145 | D:2      | Reached XP level 2. HP: 14/14 MP: 3/3
   198 | D:2      | Found a faded altar of an unknown god.
   206 | D:2      | Became a worshipper of Gozag Ym Sagoz the Greedy
   389 | D:3      | You fall through a shaft for 3 floors!
   434 | D:6      | Reached XP level 3. HP: 11/18 MP: 4/4
   497 | D:6      | Slain by a river rat

Vault maps used:
D:1:      dpeg_arrival_arbitrary_c
D:2:      nicolae_overflow_crystal_walls, ecumenical_altar_2,
          gammafunk_pakellas_spire_experiment, uniq_terence
D:3:      wad_woods_settlement, uniq_iyjb, uniq_crazy_yiuf_cottage
D:4:      grunt_temple_overflow_champion_of_chaos
D:6:      kennysheep_ying_yang, portal_sewer_entry_e, minmay_misc_feat_doors,
          minmay_misc_feat_tiny, chei_slow_surprise, uniq_edmund

Skill      XL: |  1  2 |
---------------+-------+-----
Unarmed Combat | 1 2 |  2.6
Fighting       | |  1.0
Armour         | |  3.2
Stealth        | |  1.2
Ice Magic      | |  2.0
Air Magic      | |  1.0
Evocations     | |  1.0

Action                   || total
-------------------------++-------
Melee: Unarmed           ||    32
       Bite              ||     8
 Fire: Shortbow          ||    19
Evoke: Wand              ||     1
  Use: Scroll            ||     3
 Stab: Paralysed         ||     5
Armor: Robe              ||     6
Dodge: Dodged            ||    32
